 Dungeon Crawl Stone Soup version 0.29.0-11-gd7f09526c8 (webtiles) character file.

Game seed: 853010731779434669

91 Zeldest the Grasshopper (level 5, -2/41 HPs)
             Began as a Meteoran Warper on Sept 3, 2022.
             Killed by nerve-wracking pain
             ... invoked by a shadow imp
              (11 damage)
             ... on level 5 of the Dungeon.
             The game lasted 00:05:15 (1265 turns).

Zeldest the Grasshopper (Meteoran Warper)           Turns: 1265, Time: 00:05:16

Health: -2/41      AC:  4    Str: 14    XL:     5   Next: 12%
Magic:  10/10      EV: 12    Int: 15    God:
Gold:   161        SH:  0    Dex: 13    Spells: 9/9 levels left

rFire   . . .      SeeInvis .     - Unarmed
rCold   . . .      Faith    .   (no shield)
rNeg    . . .      Spirit   .   a - +1 leather armour
rPois   .          Reflect  .   (no helmet)
rElec   .          Harm     .   (no cloak)
rCorr   .          Rampage  .   (no gloves)
Will    .....                   (no boots)
Stlth   +.........              (no amulet)
HPRegen 0.13/turn               (no ring)
MPRegen 0.12/turn               (no ring)

@: glowing
A: sense surroundings 1, otherworldly, glowing, explore regen
a: no special abilities


You were on level 5 of the Dungeon.
You visited 1 branch of the dungeon, and saw 4 of its levels.

You collected 161 gold pieces.

Inventory:

Missiles
 c - 5 boomerangs of dispersal (quivered)
Armour
 a - a +1 leather armour (worn)
Scrolls
 b - a scroll of blinking
 e - a scroll of butterflies {unknown}
 f - a scroll of immolation {unknown}
 i - a scroll of identify
 j - 3 scrolls of vulnerability {unknown}
 m - a scroll of fear {unknown}
Potions
 d - 2 potions of degeneration {unknown}
 g - 3 potions of cancellation {unknown}
 h - 2 potions of curing
 k - a potion of mutation {unknown}
 l - 2 potions of haste {unknown}


   Skills:
 - Level 2.2 Fighting
 - Level 1.2 Throwing
 - Level 1.2 Armour
 - Level 2.4 Dodging
 * Level 4.0 Unarmed Combat
 - Level 2.7 Spellcasting
 * Level 4.8 Translocations
 + Level 1.9 Transmutations


You had 9 spell levels left.
You didn't know any spells.
Your spell library contained the following spells:

 Spells                   Type           Power      Damage    Failure   Level
 Blink                    Tloc           32%        N/A       5%          2
 Gell's Gravitas          Tloc           16%        N/A       11%         3
 Lesser Beckoning         Tloc           16%        N/A       11%         3
 Teleport Other           Tloc           16%        N/A       11%         3
 Summon Small Mammal      Summ           8%         N/A       26%         1
 Call Canine Familiar     Summ           2%         N/A       58%         3
 Summon Guardian Golem    Hex/Summ       2%         N/A       58%         3
 Manifold Assault         Tloc           16%        N/A       67%         5


Dungeon Overview and Level Annotations

Branches:
Dungeon (3/15) Zot: 1135

Altars:
Ashenzari
Ru

Annotations:
D:2 Natasha


Innate Abilities, Weirdness & Mutations

You passively map a small area around you.
You are easily found by Zot.
You glow in the dark.
You regain HP and MP as you explore.


Message History

The hound attacks as you move away! The hound bites you but does no damage.
The hound attacks as you move away! The hound bites you. x2
The hound attacks as you move away! The hound bites you but does no damage.
You closely miss the hound. The hound bites you.
You don't know any spells.
Okay, then.
You closely miss the hound. The hound bites you. The hound barely misses you.
You completely miss the hound. The hound bites you.
You hit the hound.
The hound is moderately wounded.
The hound bites you.
You punch the hound! Your punch misses the hound.
The hound is severely wounded.
The hound bites you. The hound closely misses you.
You hit the hound but do no damage.
The hound is severely wounded.
The hound bites you.
You hit the hound.
The hound is almost dead.
The hound closely misses you. The hound bites you but does no damage.
You closely miss the hound.
The hound is almost dead.
The hound bites you.
The shadow imp hits you but does no damage.
You barely miss the hound.
The hound is almost dead.
The hound barely misses you. The shadow imp gestures at you.
Pain shoots through your body! The hound closely misses you.
You hit the hound.
You kill the hound!
The shadow imp barely misses you.
Your Unarmed Combat skill increases to level 4!
You have reached level 5!
You completely miss the shadow imp. The shadow imp hits you.
* * * LOW HITPOINT WARNING * * *
You hit the shadow imp but do no damage.
The shadow imp gestures at you. Pain shoots through your body!
You die...

......... * * , , *
......... , , ,........#
* * , ** ........# * * *
........### #* # ,
..........#### .##.#,
,.............######.....
.........#.#.##......#..
* *
.........#....@.........
........#####5#.......##
, ........# #.#.........
* ###.##### #.#......###
#. #### #...###..# * * .
..... ###.##*..# , *
....#####..##..# ,
.............>...
,...#.....####...


You could see a shadow imp.

Vanquished Creatures
  A hound (D:5)
  A gnoll (D:1)
  2 adders (D:3)
  3 bats
  3 endoplasms
  3 giant cockroaches
  A goblin (D:1)
  5 hobgoblins
  2 jackals (D:2)
  2 kobolds
  3 quokkas
  A ball python (D:1)
  A frilled lizard (D:1)
  3 rats
31 creatures vanquished.

Notes
Turn   | Place    | Note
-------+----------+-------------------------------------------
     0 | D:1      | Zeldest the Meteoran Warper began the quest for the Orb.
     0 | D:1      | Reached XP level 1. HP: 17/17 MP: 5/5
   201 | D:2      | Found a sacrificial altar of Ru.
   224 | D:2      | Reached XP level 2. HP: 20/24 MP: 6/6
   337 | D:2      | Noticed Natasha
   379 | D:1      | Reached XP level 3. HP: 4/29 MP: 8/8
   517 | D:1      | Reached skill level 1 in Transmutations
   867 | D:3      | Reached XP level 4. HP: 36/36 MP: 9/9
  1218 | D:3      | Found a broken altar of Ashenzari.
  1222 | D:3      | You fall into a shaft and drop 2 floors!
  1222 | D:5      | Entered Level 5 of the Dungeon
  1264 | D:5      | Reached XP level 5. HP: 14/41 MP: 10/10
  1265 | D:5      | Killed from afar by a shadow imp

Illustrated notes

Levels and vault maps discovered:
D:1:      dpeg_arrival_prison, layout_basic, dreamdust_wishing_well, hex_medium,
          st_stairs_1
D:2:      layout_loops_corners, basic_altar, uniq_terence,
          uniq_crazy_yiuf_cottage, uniq_natasha
D:3:      layout_loops_corners, evilmike_ruin_ashenzari, st_stairs_4
D:5:      layout_basic, mainiacjoe_overflow_brackets, gup_sewer_entry_bowl

Skill      XL: |  1  2  3  4 |
---------------+-------------+-----
Unarmed Combat | 3 4 |  4.0
Translocations | 4 |  4.8
Transmutations | 1 |  1.9
Fighting       | |  2.2
Throwing       | |  1.2
Armour         | |  1.2
Dodging        | |  2.4
Spellcasting   | |  2.7

Action                   |  1- 3 |  4- 6 || total
-------------------------+-------+-------++-------
Melee: Unarmed           |    83 |    67 ||   150
       Punch             |     6 |       ||     6
Throw: Boomerang         |       |     2 ||     2
  Use: Scroll            |     3 |       ||     3
       Potion            |     2 |     1 ||     3
Armor: Leather armour    |    37 |    20 ||    57
Dodge: Dodged            |    65 |    40 ||   105
